[Event "12th WLC Weekend 2022"]
[Site "Eindhoven"]
[Date "2022.05.15"]
[Round "5.22"]
[White "Lind, Jacco"]
[Black "Duson, Robin"]
[Result "0-1"]
[ECO "B47"]
[WhiteElo "1801"]
[BlackElo "1980"]
[Annotator "TA"]
[PlyCount "60"]
[EventDate "2022.05.13"]
[EventType "swiss"]
[EventCountry "NED"]
[SourceTitle "playchess.com"]
[Source "ChessBase"]
[SourceQuality "1"]
[TimeControl "5400+30"]

1. e4 c5 2. Nf3 e6 3. d4 cxd4 4. Nxd4 Nc6 5. Nc3 Qc7 6. g4 {[%emt 0:01:02] B47: Sicilian: Taimanov: 5 Nc3 Qc7 6 f4, 6 g3 and 6 Be2.} Nxd4 7. Qxd4 {[%emt 0:00:07] [#] Threatens to win with Nb5.} Nf6 {[%emt 0:00:43] [#]} 8. Rg1 $146 {[%emt 0:10:11] White is slightly better.} ({Predecessor:} 8. e5 Bc5 9. Qf4 Nd5 10. Nxd5 exd5 11. Bd2 O-O 12. O-O-O d6 13. Bc3 d4 14. Bxd4 Bxd4 15. Qxd4 dxe5 16. Qe4 Be6 17. Bd3 g6 {½-½ (17) Ortega Lopez,M (2256)-Gonzalez Pereira,A (2067) Bergara 2019}) 8... Bc5 ({Resist} 8... Qxh2 9. Rg3 b6 10. g5 $16) 9. Qd3 d5 10. g5 (10. Be3 $1 $11) 10... Nxe4 $17 (10... Qxh2 $2 11. Rg2 Qd6 12. gxf6 $18) 11. Nxe4 dxe4 12. Qxe4 Bd7 ({Don't play} 12... Qxh2 $6 13. Rg2 Qd6 14. Bf4 $11) 13. Bd3 Bc6 14. Qh4 ({Better is} 14. Qf4 Bd6 15. Qe3) 14... Qe5+ (14... O-O-O $142 15. Kf1 Rd4) 15. Kf1 O-O-O {[%emt 0:01:31][%cal Od8d3] ...Rxd3! is the strong threat. Black is more active.} 16. Rg4 (16. Qg3 $17 Qd4 17. h4) 16... f6 17. Rb1 $2 {[%emt 0:03:30] White does not recover from this.} (17. gxf6 $17 gxf6 18. Bf4) 17... Rhf8 18. g6 (18. Bf4 $142 Qd5 19. b4) 18... hxg6 {[%emt 0:00:58] And now ...Rh8 would win.} 19. b4 {[%emt 0:02:00] [#]} g5 $40 {[%emt 0:03:50][%mdl 128] Black wants a kill.} (19... Rxd3 $142 $1 20. cxd3 Qc3) 20. Bb2 $2 (20. Qg3 Bd6 21. Qxe5 Bxe5 22. Ke2) 20... Qd5 $19 (20... gxh4 $2 {too greedy.} 21. Bxe5 Bb6 22. Bc3 $19) 21. Qg3 Bd6 22. Qe3 (22. c4 $142 Qh1+ 23. Ke2) 22... Bxh2 23. Ke2 Bf4 24. Rxf4 gxf4 25. Qxa7 Qf3+ 26. Kd2 e5 {[%emt 0:04:51][%cal Be6e5,Be5e4][%mdl 32] Prevents Bd4. Strongly threatening ...e4.} 27. Qc5 e4 28. b5 exd3 29. bxc6 dxc2+ 30. Kxc2 Qd3+ {[%emt 0:00:08] Weighted Error Value: White=1.41/Black=0.53} 0-1

[Event "12th WLC Weekend 2022"]
[Site "Eindhoven"]
[Date "2022.05.15"]
[Round "5.23"]
[White "Simons, Rudy"]
[Black "Weijers, Ralf"]
[Result "0-1"]
[ECO "C41"]
[WhiteElo "2046"]
[BlackElo "1857"]
[Annotator "TA"]
[PlyCount "69"]
[EventDate "2022.05.13"]
[EventType "swiss"]
[EventCountry "NED"]
[SourceTitle "playchess.com"]
[Source "ChessBase"]
[SourceQuality "1"]
[TimeControl "5400+30"]

1. e4 d6 2. d4 Nf6 3. Nc3 Nbd7 4. Nf3 e5 5. Bc4 h6 6. O-O c6 {[%emt 0:00:11] C41: Philidor Defence.} 7. a4 Qc7 8. Re1 Be7 {[%emt 0:00:44] White is slightly better.} 9. h3 Nf8 10. Be3 Be6 {[%emt 0:01:28] [#] 10...Ng6 is setting a new trend.} 11. Qe2 $146 ({Predecessor:} 11. Bxe6 Nxe6 12. d5 Nf8 13. a5 N8d7 14. a6 b6 15. Qd2 O-O 16. dxc6 Qxc6 17. Nd5 Nxd5 18. exd5 {0-1 (26) Krug,S (2097)-Hilge,A (2124) Bayern 2018}) 11... g5 12. dxe5 dxe5 13. Bxe6 Nxe6 14. Qc4 (14. Nh2) 14... Rg8 15. a5 h5 16. h4 Nh7 17. hxg5 (17. a6 {is more complex.} b5 18. Nxb5 cxb5 19. Qxb5+ Qd7 20. Qb7) 17... Nhxg5 18. Nxg5 Bxg5 19. a6 (19. Bxg5 $11 Rxg5 20. Red1) 19... b6 20. Rad1 Rd8 (20... h4 $11) 21. Rxd8+ Kxd8 22. Bxg5+ $1 Rxg5 23. Ne2 h4 24. Rd1+ Kc8 25. b4 Rg6 26. b5 Ng5 (26... Nc5 $11 {keeps the balance.}) 27. Rd3 {[%emt 0:01:15] [#] And now Nc3 would win.} h3 28. g3 Rd6 29. Kh2 Rf6 30. f4 exf4 31. e5 $2 (31. Nxf4 $11 Rxf4 32. gxf4 Qxf4+ 33. Kg1) 31... fxg3+ $19 32. Rxg3 $2 (32. Nxg3 Qxe5 33. Qg4+ Qe6 34. Qxe6+ (34. Qxg5 {gets mated.} Rf2+ 35. Kh1 Qe1+) 34... fxe6 35. Rc3) 32... Qxe5 {[%emt 0:05:50] [#] Strongly threatening ...Ne4. Black is clearly winning.} 33. Qg4+ Ne6 {[%emt 0:00:02] ...Rf2+ is the strong threat.} 34. Kxh3 Rh6+ 35. Kg2 {[%emt 0:03:17] Weighted Error Value: White=0.53/Black=0.26 (precise)} 0-1

[Event "12th WLC Weekend 2022"]
[Site "Eindhoven"]
[Date "2022.05.15"]
[Round "5.24"]
[White "Grooten, Tommy"]
[Black "Van Zon, Paul"]
[Result "0-1"]
[ECO "B38"]
[WhiteElo "1847"]
[BlackElo "2000"]
[Annotator "TA"]
[PlyCount "98"]
[EventDate "2022.05.13"]
[EventType "swiss"]
[EventCountry "NED"]
[SourceTitle "playchess.com"]
[Source "ChessBase"]
[SourceQuality "1"]
[TimeControl "5400+30"]

1. e4 c5 2. Nf3 g6 3. d4 cxd4 4. Nxd4 Bg7 5. Be3 Nc6 6. c4 Nf6 7. Nc3 O-O 8. Be2 d6 9. O-O Bd7 10. Qd2 Ng4 11. Bxg4 Bxg4 12. f3 Bd7 13. Kh1 {[%emt 0:00:19] B38: Sicilian: Maroczy Bind with 5...Bg7 and 7...0-0.} Qa5 14. Rac1 Rfe8 15. Rfd1 {[%emt 0:01:20] White is slightly better.} Rac8 16. b3 {[%emt 0:00:48] [#]} Be6 $146 ({Predecessor:} 16... Ne5 17. Nce2 Qxd2 18. Rxd2 a6 19. h3 b5 20. f4 Nc6 21. cxb5 Nxd4 22. Rxc8 Rxc8 23. Bxd4 Bxb5 24. Bxg7 Kxg7 {½-½ (29) Gregg,A (1719)-Korinek,J (1721) LSS email 2011}) 17. Qf2 a6 18. Qg3 $2 (18. a4 $14 {keeps the upper hand.}) 18... b5 ({Black should try} 18... Nxd4 $17 19. Bxd4 Bxd4 20. Rxd4 b5) 19. f4 (19. Nxe6 $11 {and White has nothing to worry.} fxe6 20. cxb5 axb5 21. Bd2) 19... Nxd4 $19 (19... bxc4 20. Nxe6 fxe6 21. Na4 $17) 20. Bxd4 Bxd4 (20... bxc4 21. Bxg7 Kxg7 22. f5 $17) 21. Rxd4 bxc4 22. f5 {[%emt 0:00:18] [#]} Qe5 23. Qf2 (23. Qxe5 dxe5 24. Rdd1 gxf5 25. exf5 Bxf5) 23... gxf5 24. exf5 Qxf5 ({Much less strong is} 24... Bxf5 25. Rd5 Qg7 26. Rxf5 $18 (26. Qxf5 $2 e6 $19)) 25. Rf4 (25. Qxf5 $142 Bxf5 26. bxc4) 25... Qg6 26. Rf3 Kh8 ({And not} 26... cxb3 27. Rg3 Bg4 28. h3 $11) 27. Rf1 (27. b4 $142) 27... cxb3 28. axb3 Rc5 29. Qd2 Rg8 30. Rg3 Rg5 31. Rxg5 Qxg5 32. Qb2 f6 33. b4 Bd5 34. Nxd5 Qxd5 {[%emt 0:00:15][%mdl 4096] Endgame KQR-KQR} 35. Qf2 Rg6 36. Re1 Qb7 37. h3 e5 38. Qd2 $2 (38. Rc1) 38... d5 39. Rc1 d4 40. Qf2 (40. Rc2 {might work better.}) 40... d3 {[%emt 0:03:36] And now ...e4 would win.} 41. Rc4 e4 {[%emt 0:02:44][%cal Oe4e3] ( -> ...e3!)} 42. Qe3 {[%emt 0:00:44] [#]} f5 (42... Rg8 $1 $19 43. Qxe4 Qxe4 44. Rxe4 Rd8) 43. Qd4+ $11 Rg7 {[%emt 0:00:08] Hoping for ...Qd7.} 44. Qf6 $2 (44. Rc6 $11 Qxc6 45. Qd8+ Rg8 46. Qd4+ Rg7 47. Qd8+ Rg8 48. Qd4+ Rg7) 44... e3 {[%emt 0:00:51][%csl Gg7][%cal Rb7g2] Black mates.} 45. Rc6 e2 46. Qe6 {[%emt 0:00:52] [#]} Qxc6 $3 47. Qxc6 e1=Q+ 48. Kh2 Qg3+ 49. Kg1 Qxg2+ {[%emt 0:00:27] Weighted Error Value: White=0.56/Black=0.33} 0-1

[Event "12th WLC Weekend 2022"]
[Site "Eindhoven"]
[Date "2022.05.15"]
[Round "5.25"]
[White "Molenaar, Toine"]
[Black "Winkels, Marcel"]
[Result "1/2-1/2"]
[ECO "A57"]
[WhiteElo "1823"]
[BlackElo "1965"]
[Annotator "TA"]
[PlyCount "208"]
[EventDate "2022.05.13"]
[EventType "swiss"]
[EventCountry "NED"]
[SourceTitle "playchess.com"]
[Source "ChessBase"]
[SourceQuality "1"]
[TimeControl "5400+30"]

1. d4 Nf6 2. c4 c5 3. d5 b5 4. Qc2 b4 5. Nf3 g6 6. e4 d6 7. h3 {[%emt 0:01:23] A57: Benko/Volga Gambit.} (7. a3 $14) 7... Bg7 $11 8. Bd3 O-O 9. O-O {[%emt 0:00:56] The position is equal.} e5 10. dxe6 (10. a3) (10. a3 $11) 10... Bxe6 $15 11. Be3 {[%emt 0:13:00] [#]} Qc7 $146 ({Predecessor:} 11... Nc6 12. Nbd2 Nd7 13. Rfe1 Qf6 14. Rab1 h6 15. Bf1 a5 16. Nh2 a4 17. Ng4 Bxg4 18. hxg4 {1-0 (46) Gralka,J (2325)-Morvay,M (2270) Budapest 1986}) 12. Nbd2 Nc6 13. Rad1 Nd7 14. Ng5 Nd4 15. Nxe6 fxe6 16. Bxd4 cxd4 17. Be2 e5 18. Bg4 Nc5 19. Nb3 Rf6 20. Nxc5 Qxc5 21. Qa4 Raf8 ({Much less strong is} 21... Qxc4 22. Rc1 Qf7 23. Qa5 $11) 22. Qb5 h5 23. Qxc5 dxc5 24. Be2 Ra6 25. Ra1 Rff6 26. Bd3 Bh6 27. Rfd1 Rab6 28. Bc2 Rf4 29. Bd3 h4 30. f3 Rf7 31. Re1 Be3+ 32. Kh2 Bf4+ 33. Kg1 Bg3 34. Re2 g5 35. Rd2 Kf8 36. Rf1 Ke8 37. Ra1 Kd8 38. Rf1 Kc8 39. Ra1 Kb8 40. Rf1 Bf4 41. Rdd1 Be3+ 42. Kh2 a5 43. Kh1 Rh6 44. Kh2 Bf4+ 45. Kg1 Rhf6 46. Kh1 ({White should try} 46. Bc2) 46... Ka7 (46... a4 $142 47. Ra1 Be3) 47. Be2 Ka6 48. Bd3 Kb6 49. Be2 Ka6 50. Bd3 $1 Kb7 51. Be2 Kb8 52. Bd3 $1 Rb7 53. Be2 Rd6 54. Bd3 Rbd7 55. Kg1 Rf7 56. Kh1 Be3 57. Kh2 a4 58. Kh1 b3 59. a3 Rdf6 60. Kh2 Rh6 61. Be2 Kc7 62. Rd3 Kd6 63. Rdd1 Bf4+ 64. Kh1 g4 (64... Kc6 $17 65. Bd3 Rh8) 65. fxg4 Rhf6 66. Bf3 Kc6 {[%emt 0:00:37][%mdl 1024] Black has compensation.} 67. Rd3 Rd7 68. Rfd1 Bg5 69. Kg1 Be3+ 70. Kf1 Rdf7 71. Ke2 (71. Rxe3 $5 dxe3 72. Ke2 $11) 71... Bg5 72. Rf1 Kd6 73. Rfd1 Ke6 74. Rf1 Rf4 75. Rg1 Bh6 76. Rgd1 R4f6 77. Rf1 Bg5 78. Rg1 Bf4 79. Rf1 Ke7 80. Rfd1 (80. Rdd1 {keeps more tension.} Be3 81. Kd3 Rd6 82. Rh1) 80... Kf8 81. Rf1 Kg7 82. Rdd1 Kh6 83. Kd3 Kg5 84. Rde1 Be3 85. Rh1 $2 (85. Rd1 $11) 85... Kf4 $2 (85... Rxf3 $19 86. gxf3 Rxf3) 86. Ref1 Kg3 87. Ke2 $1 Bg5 88. Rd1 Be3 89. Rdf1 Rf4 90. Kd3 Rxf3 (90... Rf8 {is interesting.} 91. Ke2 R4f7 92. Rd1 Kf4) 91. gxf3 Rxf3 (91... Kg2 $11) 92. Rxf3+ $14 Kxf3 $11 {[%emt 0:00:07][%mdl 4096] Endgame KR-KB} 93. Rf1+ $1 Kg2 94. Ke2 (94. Rf5 $14 Kxh3 95. g5 (95. Rxe5 Kxg4 96. Re7 Bg5 $19)) 94... Kxh3 95. Kf3 {[%emt 0:00:06][%cal Rf1h1] [#]} Kh2 {[%emt 0:01:16] Prevents Rh1+.} 96. Re1 Bf4 97. Rd1 Bg5 98. Re1 d3 99. Rd1 d2 {[%emt 0:00:24] Hoping for ...h3.} 100. Rf1 Bf4 (100... h3 $5 101. Rd1 Bf4 $11) 101. Rd1 Bg5 {[%emt 0:05:05] And now ...h3 would win.} 102. Rf1 h3 {[%emt 0:00:55] ( -> ...Bh4)} 103. Rd1 Bf4 {[%emt 0:00:41] Strongly threatening ...Bg5.} 104. Rf1 $2 {[%emt 0:01:20][%mdl 8192] [#]} (104. Ra1 $11) 104... Bg5 $2 {[%emt 0:00:32] Weighted Error Value: White=0.17 (very precise) /Black=0.19 (very precise)} (104... Bg3 $1 {mates} 105. Ra1 Be1 106. g5 Kg1 107. Kg4 h2 108. Kf5 h1=Q 109. g6 Qf3+ 110. Ke6 Qxe4 111. Kf6 Qf3+ 112. Ke6 d1=Q 113. Rxd1 Qxd1 114. g7 Qg4+ 115. Kf7 Qf5+ 116. Ke7 Bh4+ 117. Kd6 Qf6+ 118. Kd5 Qxg7 119. Kc6 e4 120. Kd6 Qxb2 121. Kc6 Qf6+ 122. Kxc5 b2 123. Kb5 b1=Q+ 124. Kc5 Bf2+ 125. Kd5 Qd3#) 1/2-1/2

[Event "12th WLC Weekend 2022"]
[Site "Eindhoven"]
[Date "2022.05.15"]
[Round "5.26"]
[White "Klapwijk, Leo"]
[Black "De Vries, Leon"]
[Result "1-0"]
[ECO "B23"]
[WhiteElo "1828"]
[BlackElo "1951"]
[Annotator "TA"]
[PlyCount "66"]
[EventDate "2022.05.13"]
[EventType "swiss"]
[EventCountry "NED"]
[SourceTitle "playchess.com"]
[Source "ChessBase"]
[SourceQuality "1"]
[TimeControl "5400+30"]

1. e4 c5 2. Nc3 Nc6 3. f4 g6 4. Nf3 Bg7 5. d3 d6 6. Be3 Nd4 {[%emt 0:02:29] B23: Closed Sicilian: Lines without g3.} 7. h3 e6 {[%emt 0:02:28] [#]} 8. Bf2 $146 ({Predecessor:} 8. Rb1 Ne7 9. g4 f5 10. Bg2 Nec6 11. O-O O-O 12. Ne2 e5 13. gxf5 gxf5 14. fxe5 Nxf3+ 15. Rxf3 Nxe5 {1-0 (25) Gazik,V (2291)-Maslik,M (2365) Slovakia 2015}) 8... a6 {[%emt 0:00:54] Black is slightly better.} 9. Rb1 Ne7 10. Be2 Nec6 11. a3 b5 12. Na2 Nxf3+ 13. Bxf3 Nd4 14. c3 Nxf3+ 15. Qxf3 Bb7 16. O-O Rc8 17. Qe2 O-O 18. Rbc1 f5 19. exf5 exf5 20. c4 Re8 21. Qc2 Kh8 (21... g5 $142 22. Bg3 Rc7) 22. Nc3 (22. Qd2 $142) 22... b4 (22... g5 $17 23. Bg3 Bd4+ 24. Kh2 g4 25. cxb5 gxh3 26. gxh3 Qd7 27. bxa6 Bxa6) 23. axb4 cxb4 24. Ne2 b3 (24... d5 $17 {aiming for ...dxc4.} 25. Rfd1 dxc4 26. dxc4 Qc7) 25. Qd2 {[%emt 0:00:21] [#]} (25. Qd1 $11 {remains equal.}) 25... d5 $1 $17 26. Bd4 $2 (26. Rfd1 $15) 26... Bxd4+ $2 (26... dxc4 $19 27. Bxg7+ (27. dxc4 $2 Kg8 $19) 27... Kxg7) 27. Nxd4 $11 {[%emt 0:00:43] Strongly threatening Qc3.} Qb6 {[%emt 0:04:25] [#]} ({Black should try} 27... Qf6 $14 28. Qc3 dxc4 29. dxc4 Re4) 28. Qc3 $1 $16 {[%emt 0:00:41] Threatens to win with c5.} dxc4 29. dxc4 Bd5 30. c5 {[%emt 0:01:29] Threatening mate with Ne6+.} Qa7 $2 (30... Qf6 $16 31. Rfd1 Rc7) 31. Nxf5+ $1 {[%emt 0:01:52] White mates.} Kg8 32. Nh6+ Kf8 33. Qh8+ Ke7 {[%emt 0:00:05] Weighted Error Value: White=0.29 (precise) /Black=0.60} 1-0

[Event "12th WLC Weekend 2022"]
[Site "Eindhoven"]
[Date "2022.05.15"]
[Round "5.27"]
[White "Van Kuijk, Vadim"]
[Black "Krenning, Jasper"]
[Result "1-0"]
[ECO "C66"]
[WhiteElo "1898"]
[BlackElo "1736"]
[Annotator "NA RC COMBH"]
[PlyCount "77"]
[EventDate "2022.05.13"]
[EventType "swiss"]
[EventCountry "NED"]
[SourceTitle "playchess.com"]
[Source "ChessBase"]
[SourceQuality "1"]
[TimeControl "5400+30"]

1. e4 e5 2. Nf3 Nc6 3. Bb5 d6 4. d4 exd4 5. Nxd4 Bd7 6. Nc3 Nf6 7. O-O Be7 8. Nxc6 bxc6 9. Bc4 O-O $14 10. f4 (10. f3 $14 {is superior.}) 10... Be6 11. Bd3 d5 12. e5 Bc5+ 13. Kh1 Ng4 14. Qe1 f5 15. h3 Nh6 16. Ne2 Bb6 17. a4 a5 18. b3 Qe7 19. Rf3 Qd7 20. Ba3 c5 21. c3 Rfd8 22. Rd1 Qf7 23. Bb5 d4 24. cxd4 cxd4 25. Bc6 Rab8 26. Nxd4 Rxd4 27. Rxd4 Bxd4 28. Rd3 Bb6 29. Qd1 Kh8 30. Rd8+ Rxd8 31. Qxd8+ Qg8 32. Qe7 Qf7 33. Qd8+ Ng8 34. Be8 c6 35. Bxf7 Bxd8 36. Bxe6 Ne7 37. Bd7 Kg8 38. Be6+ Kf8 39. Bxf5 1-0

[Event "12th WLC Weekend 2022"]
[Site "Eindhoven"]
[Date "2022.05.15"]
[Round "5.28"]
[White "Plasmans, Bart"]
[Black "Geboers, Jimmy"]
[Result "0-1"]
[ECO "C02"]
[WhiteElo "1775"]
[BlackElo "1845"]
[Annotator "NA RC COMBH"]
[PlyCount "102"]
[EventDate "2022.05.13"]
[EventType "swiss"]
[EventCountry "NED"]
[SourceTitle "playchess.com"]
[Source "ChessBase"]
[SourceQuality "1"]
[TimeControl "5400+30"]

1. e4 e6 2. d4 d5 3. e5 c5 4. c3 Nc6 5. Nf3 Qb6 6. a3 a5 7. Be2 Nh6 8. Bxh6 Qxb2 9. Be3 Qxa1 10. Qc2 $2 (10. dxc5 $17 {was worth a try.} a4 11. c4) 10... cxd4 11. Nxd4 $19 Nxd4 12. Bxd4 Bxa3 13. Bb5+ Bd7 14. Bxd7+ Kxd7 15. Qa4+ Kc8 16. O-O Bb2 17. Qb5 Ba3 18. Nxa3 Qxa3 19. Bc5 Qa2 20. Rb1 Rb8 21. Ba7 Qc4 22. Qxa5 Qc7 23. Qb4 Ra8 24. Bb6 Qc6 25. h3 Ra6 26. Be3 Rd8 27. Qe7 Qd7 28. Qc5+ Qc7 29. Qb4 Rc6 30. Bd4 Kd7 31. f4 g6 32. Kf2 Ra8 33. Kf3 Ke8 34. g4 Rc8 35. Rb3 Rc4 36. Qb5+ Qc6 37. Qa5 Ra4 38. Qb6 Qxb6 39. Rxb6 Rc7 40. Ke3 Ra6 41. Rb3 Kd7 42. Kd3 Kc6 43. Rb2 b5 44. f5 Ra3 45. fxe6 fxe6 46. Rf2 b4 47. Rf6 Kd7 48. Rf7+ Kc8 49. Rf6 bxc3 50. Bxc3 Raxc3+ 51. Kd2 R3c6 0-1

[Event "12th WLC Weekend 2022"]
[Site "Eindhoven"]
[Date "2022.05.15"]
[Round "5.29"]
[White "Krueger, Andre"]
[Black "Kurt, Sascha"]
[Result "1-0"]
[ECO "A45"]
[WhiteElo "1970"]
[BlackElo "1751"]
[Annotator "TA"]
[PlyCount "119"]
[EventDate "2022.05.13"]
[EventType "swiss"]
[EventCountry "NED"]
[SourceTitle "playchess.com"]
[Source "ChessBase"]
[SourceQuality "1"]
[TimeControl "5400+30"]

1. d4 Nf6 2. Bg5 g6 3. Bxf6 exf6 4. c4 Bg7 5. Nc3 O-O 6. g3 {[%emt 0:00:11] A45: Trompowsky Attack.} d6 7. Bg2 Nc6 8. e3 {[%emt 0:00:09] White is slightly better.} Bd7 9. Nge2 {[%emt 0:00:08] [#]} Na5 $146 ({Predecessor:} 9... a6 10. O-O h5 11. Rb1 Rb8 12. b4 h4 13. b5 axb5 14. Rxb5 hxg3 15. hxg3 b6 {0-1 (43) Bureau,F (2194)-Mader,M (2047) Karlsruhe 2018}) 10. Qd3 c5 (10... Bf5 $5 11. Be4 Bxe4 12. Qxe4 Nxc4 $11) 11. Rd1 Bc6 12. Nd5 Bxd5 13. Bxd5 Qc7 14. O-O {[%emt 0:04:40] White is more active.} Nc6 15. a3 {[%emt 0:05:32] Inhibits Nb4.} f5 16. Bxc6 Qxc6 17. b3 Rfe8 18. Rd2 a5 19. a4 Ra6 20. dxc5 dxc5 21. Rfd1 Be5 22. Qd7 Qxd7 23. Rxd7 Rb6 24. Rd8 Rxd8 25. Rxd8+ $14 {[%emt 0:00:01][%mdl 4096] Endgame KRB-KRN} Kg7 26. Rd3 (26. Rd5 $5 Bd6 27. Kf1 $11) 26... Kf6 27. Kf1 Ke6 28. Ke1 Rd6 29. Kd2 Rxd3+ 30. Kxd3 $11 {[%emt 0:00:00] KB-KN} b6 31. Ng1 h6 32. Nf3 Kd6 33. Ke2 Ke6 34. Ne1 Kd6 35. Nd3 Ke6 36. f3 Bd6 37. Kf2 Be5 38. h3 Bd6 39. f4 Bc7 40. Ne1 Bd8 41. Nc2 h5 42. Kf3 Be7 43. Na3 Bf6 44. Nb5 Kd7 45. Na3 Kc6 46. e4 fxe4+ 47. Kxe4 Bg7 48. g4 hxg4 49. hxg4 Bf6 (49... Bb2 $5 50. Nc2 Bc1 $11) 50. Nc2 g5 $2 {[%emt 0:00:46][%mdl 8192] [#] Black cannot hold the game after this.} (50... Bc3 $11) 51. Kf5 $1 $18 Bd8 52. fxg5 Kd6 53. Ne3 Ke7 54. Nd5+ (54. g6 $142 Kf8 55. gxf7 Kxf7 56. Nd5) 54... Kd6 55. g6 {[%emt 0:03:03] White mates.} fxg6+ 56. Kxg6 Ke6 57. g5 Kd7 58. Kh6 Ke8 59. g6 Kf8 60. Kh7 {[%emt 0:00:08] Weighted Error Value: White=0.06 (flawless) /Black=0.22 (precise)} 1-0

[Event "12th WLC Weekend 2022"]
[Site "Eindhoven"]
[Date "2022.05.15"]
[Round "6.1"]
[White "Elgersma, Onno"]
[Black "Roebers, Eline"]
[Result "1/2-1/2"]
[ECO "B31"]
[WhiteElo "2303"]
[BlackElo "2369"]
[Annotator "TA"]
[PlyCount "95"]
[EventDate "2022.05.13"]
[EventType "swiss"]
[EventCountry "NED"]
[SourceTitle "playchess.com"]
[Source "ChessBase"]
[SourceQuality "1"]
[TimeControl "5400+30"]

1. e4 c5 2. Nf3 Nc6 3. Bb5 g6 4. O-O Bg7 5. Re1 e5 6. Bxc6 dxc6 7. d3 Qe7 8. a3 Nf6 $1 {[%emt 0:05:06][%cal Bg8f6,Bf6h5,Bh5f4][%mdl 32] 8...Nf6 scores better than 8...a5. B31: Sicilian: 2...Nc6 3 Bb5 g6.} 9. Nbd2 O-O 10. h3 Nh5 11. Nc4 f6 12. Be3 Be6 {[%emt 0:01:19] [#]} 13. Nfd2 $146 ({Predecessor:} 13. Qd2 Bxc4 14. dxc4 Rfd8 15. Qe2 Bf8 16. Rad1 Ng7 17. Rxd8 Rxd8 18. Rd1 Rxd1+ 19. Qxd1 {½-½ (33) Pessoa,F (2497)-Mignon,F (2433) ICCF email 2018}) 13... b6 14. a4 Rad8 15. Qe2 Nf4 16. Qf1 g5 17. Nb3 g4 18. hxg4 Bxg4 19. a5 Bh6 (19... f5 $11) 20. axb6 axb6 21. Bxf4 Bxf4 22. g3 Kh8 23. Ne3 (23. gxf4 Rg8 24. Ne3 Be2+ 25. Qg2 Bf3 $19) 23... Rg8 24. Nxg4 $16 Rxg4 25. Qh3 Rg7 26. Nc1 c4 27. Ne2 ({White should play} 27. dxc4 $16 Qb4 28. Nd3 Qxc4 29. Re2 (29. Nxf4 exf4 30. g4 Qxc2 $17)) 27... cxd3 $14 28. cxd3 Qc5 29. d4 ({Not} 29. Nxf4 exf4 30. b4 Qxb4 $17) 29... Qe7 (29... Qb5 $14) 30. Red1 $16 ({Stronger than} 30. Nxf4 exf4 31. g4 Qd7 $17) 30... Bg5 {[%emt 0:00:30] [#]} (30... Rdg8 $16) 31. d5 (31. dxe5 $1 $18 {Hoping for Rxd8+.} fxe5 32. Rxd8+ Qxd8 33. Qe6) 31... cxd5 32. Rxd5 Rxd5 33. exd5 Qb7 {[%emt 0:00:33] Prevents Ra8+.} 34. Rd1 (34. Nc3 $142) 34... e4 $2 (34... Qd7 $16 {was necessary.} 35. Qe6 h5) 35. d6 (35. Qf5 $142) 35... Qd7 $18 {[%emt 0:00:26] [#]} 36. Qxd7 (36. Kg2 $1 $18) 36... Rxd7 {[%emt 0:00:03][%mdl 4096] Endgame KRB-KRN} 37. Nc3 f5 38. Nb5 (38. Rd5 $16) 38... Kg7 $14 39. Rd5 Kg6 40. Kf1 f4 41. Nc7 ({White should try} 41. Nc3 $14) 41... fxg3 $11 {[%emt 0:00:25] The position is equal.} 42. Ne6 Bh6 {[%emt 0:00:04] Prevents Nf8+.} 43. fxg3 Kf6 44. Nd4 Be3 45. Ke2 Bxd4 46. Rxd4 Ke5 47. Ke3 Rxd6 48. Rxe4+ {[%emt 0:00:20] Weighted Error Value: White=0.18 (very precise) /Black=0.27 (precise)} 1/2-1/2

[Event "12th WLC Weekend 2022"]
[Site "Eindhoven"]
[Date "2022.05.15"]
[Round "6.2"]
[White "Beerdsen, Thomas"]
[Black "Baselmans, Sam"]
[Result "1/2-1/2"]
[ECO "C30"]
[WhiteElo "2497"]
[BlackElo "2175"]
[Annotator "TA"]
[PlyCount "76"]
[EventDate "2022.05.13"]
[EventType "swiss"]
[EventCountry "NED"]
[SourceTitle "playchess.com"]
[Source "ChessBase"]
[SourceQuality "1"]
[TimeControl "5400+30"]

1. e4 e5 2. Bc4 Nf6 3. d3 Bc5 4. Nc3 Nc6 5. f4 d6 6. Nf3 a5 {[%emt 0:00:48] [#] 6...a6 is the modern continuation. C30: King's Gambit Declined.} 7. f5 $146 ({Predecessor:} 7. fxe5 dxe5 8. Bg5 h6 9. Bh4 Bg4 10. Bb5 Qd6 11. h3 Bd7 12. Qe2 Nd4 13. Nxd4 Bxd4 14. Bxd7+ Nxd7 {0-1 (62) Mekhitarian,K (2562)-Sadhwani,R (2616) Chess.com INT 2022}) 7... h6 8. a3 Nd4 9. Nxd4 Bxd4 10. Qf3 c6 11. Ne2 Ba7 12. Ba2 b5 13. g4 d5 14. Bd2 ({Better is} 14. h4) 14... Bb7 (14... b4 $1 {deserves consideration.}) 15. O-O-O Qc7 16. h4 dxe4 17. dxe4 O-O-O 18. g5 Ne8 (18... hxg5 $14 19. hxg5 Rxh1 20. Rxh1 Ne8) 19. Be3 (19. gxh6 $18 {and White stays clearly on top. Hoping for Bg5.} gxh6 20. f6) 19... Bxe3+ $16 20. Qxe3 {[%emt 0:00:36] Strongly threatening Rxd8+.} Nd6 {[%emt 0:00:39] [#]} (20... hxg5 $16 {was necessary.} 21. Rxd8+ (21. Qxg5 f6 $11) (21. hxg5 Rxh1 22. Rxh1 Kb8 $14) 21... Qxd8) 21. Nc3 ({White should try} 21. g6 $1 $18) 21... Kb8 $14 {[%emt 0:00:29] Prevents Qa7+.} 22. Rhg1 {[%emt 0:04:09] White is more active.} hxg5 23. hxg5 Rh4 24. b4 Bc8 25. Rd3 (25. Kb2 {seems wilder.} g6 26. bxa5 gxf5 27. g6) 25... Nb7 (25... g6 $11) 26. Rxd8 $16 Qxd8 (26... Nxd8 $16 27. bxa5 g6) 27. Bb3 $2 (27. Bxf7 $18 {[%cal Of5f6] f6! is the strong threat.} Qf8 28. Qg3) 27... axb4 28. axb4 Qd4 29. Qxd4 exd4 {[%emt 0:00:06] [#]} 30. Bxf7 $1 dxc3 31. f6 g6 (31... gxf6 $2 32. g6 Nd6 33. g7 Nxf7 34. g8=Q $18) 32. Bxg6 {[%emt 0:00:19] aiming for Bf5.} Nd6 {[%emt 0:02:26] Against Bf5} 33. e5 Nc4 34. Bh5 (34. f7 $11 Rf4 35. Bh5 Nxe5 36. g6 Nxg6 37. Bxg6) 34... Nxe5 (34... Rxh5 $15 35. f7 Rh8) 35. f7 $11 {[%emt 0:00:17] The position is equal.} Rf4 36. g6 Nxg6 37. Bxg6 Be6 38. Kd1 Bxf7 {[%emt 0:01:02] Weighted Error Value: White=0.32/Black=0.26 (precise)} 1/2-1/2